 Dungeon Crawl Stone Soup version 0.30.0-18-gc0e69614cb (webtiles) character file.

Game seed: 5572899295374587948

51 KittyFluff the Cudgeller (level 3, -2/23 HPs)
             Began as a Gargoyle Berserker on May 24, 2023.
             Was a Believer of Trog.
             Killed from afar by Sigmund (11 damage)
             ... with a magic dart
             ... on level 2 of the Dungeon.
             The game lasted 00:06:02 (1388 turns).

KittyFluff the Cudgeller (Gargoyle Berserker)       Turns: 1388, Time: 00:06:04

Health: -2/23      AC:  9    Str: 20    XL:     3   Next: 83%
Magic:  3/3        EV: 12    Int:  7    God:    Trog [**....]
Gold:   124        SH:  0    Dex: 11    Spells: 2/2 levels left

rFire   . . .        a - +0 mace
rCold   . . .        (no shield)
rNeg    + . .        f - +0 leather armour
rPois   ∞            (no helmet)
rElec   +            e - +0 cloak
rCorr   .            m - +0 pair of gloves
SInv    .            d - +0 pair of boots
Will    .....        (no amulet)
Stlth   +            (no ring)
HPRegen 0.23/turn    (no ring)
MPRegen 0.08/turn

%: no passive effects
@: no status effects
A: sickness immunity, AC +3, negative energy resistance 1, electricity
resistance, torment resistance 1, petrification resistance
a: Renounce Religion, Berserk, Trog's Hand


You were on level 2 of the Dungeon.
You worshipped Trog.
Trog was pleased with you.
You visited 1 branch of the dungeon, and saw 2 of its levels.

You collected 124 gold pieces.

Inventory:

Hand Weapons
 a - a +0 mace (weapon)
 j - a +0 sling
Armour
 d - a +0 pair of boots (worn)
 e - a +0 cloak (worn)
 f - a +0 leather armour (worn)
 m - a +0 pair of gloves (worn)
Jewellery
 k - an amulet of faith
Scrolls
 b - a scroll of enchant armour {unknown}
 h - 2 scrolls of identify {unknown}
 l - a scroll of butterflies {unknown}
Potions
 c - a potion of haste {unknown}
 g - a potion of heal wounds {unknown}
 i - 2 potions of brilliance {unknown}
 n - a potion of berserk rage {unknown}
 o - 2 potions of degeneration {unknown}
 p - a potion of lignification {unknown}


   Skills:
 + Level 3.6 Fighting
 + Level 3.7 Maces & Flails
 * Level 2.8 Armour
 + Level 2.1 Dodging


You had 2 spell levels left.
You didn't know any spells.
Your spell library was empty.

Dungeon Overview and Level Annotations

Branches:
Dungeon (2/15)

Altars:

Annotations:
D:2 Sigmund


Innate Abilities, Weirdness & Mutations

You are immune to sickness and miasma.
Your stone body is resilient. (AC +3)
You are immune to poison.
You resist negative energy. (rN+)
You are resistant to electric shocks. (rElec)
You are resistant to unholy torment.
You are immune to petrification.


Message History

You miss the goblin.
The goblin hits you but does no damage. x2
You hit the goblin.
You kill the goblin!
Trog accepts your kill.
Things that are here:
a +0 dagger; a goblin corpse You now have 119 gold pieces (gained 9).
Found a stone staircase leading down.
Found 5 gold pieces.
You see here 5 gold pieces.
You now have 124 gold pieces (gained 5).
You closely miss the rat. The rat barely misses you.
You completely miss the rat. The rat bites you but does no damage.
You closely miss the rat. The rat bites you but does no damage.
You hit the rat.
The rat is severely wounded.
The rat barely misses you. x2
You thump the rat!
You kill the rat!
Trog accepts your kill.
Sigmund shouts!
Sigmund points at you and mumbles some strange words.
You are confused.
You're too confused to move!
Sigmund barely misses you.
You feel less confused. Sigmund casts a spell at you.
You are confused.
You're too confused to move!
Sigmund gestures wildly while chanting.
Sigmund flickers and vanishes!
Deactivating autopickup; reactivate with Ctrl-A.
You hear some strange, mumbled words.
Something tries to affect you, but you resist.
You feel less confused. Something hits you!
A magic dart appears from out of thin air!
The magic dart hits you.
A magic dart appears from out of thin air!
The magic dart hits you!
You die...

####..# ###.....##...#
#.....# #####......#
.....##..### ###....#
..#####....# #.....#
.......{..########.#..)#
........................
...............#########
...........##### #.
.....>.@..## #.
.....##..## ##.
.......###.#### ##..
#.........#.....## #..#
................## #.##
#................# #.#
#................# #.#
#................# ##.#
#................######..#


There were no monsters in sight!

Vanquished Creatures
  2 adders (D:2)
  A worm (D:2)
  5 ball pythons
  An endoplasm (D:1)
  3 goblins (D:2)
  3 hobgoblins
  6 kobolds
  A quokka (D:1)
  3 bats
  A frilled lizard (D:1)
  6 rats
32 creatures vanquished.

Notes
Turn   | Place    | Note
-------+----------+-------------------------------------------
     0 | D:1      | KittyFluff the Gargoyle Berserker began the quest for the
                  | Orb.
     0 | D:1      | Reached XP level 1. HP: 14/14 MP: 1/1
   260 | D:1      | Reached XP level 2. HP: 19/19 MP: 2/2
   726 | D:2      | Noticed Sigmund
   899 | D:2      | Reached ** piety under Trog
   924 | D:2      | Reached XP level 3. HP: 22/23 MP: 3/3
  1388 | D:2      | Killed from afar by Sigmund

Illustrated notes

Levels and vault maps discovered:
D:1:      matt_arrival_debris, layout_loops_ring,
          chequers_serial_rivers_micro_a, serial_bayou_pond_c,
          grunt_decor_mini_mirrors
D:2:      layout_rooms, uniq_sigmund

Skill      XL: |  1  2 |
---------------+-------+-----
Dodging        | 2 |  2.1
Fighting       | |  3.6
Maces & Flails | |  3.7
Armour         | |  2.8

Action                     || total
---------------------------++-------
  Melee: Mace              ||   111
   Fire: Sling             ||     4
 Armour: Leather armour    ||    51
         Animal skin       ||     1
  Dodge: Dodged            ||    81
